 Dungeon Crawl Stone Soup version 0.21-a0-591-g2314aa1 (webtiles) character file.

1370 wvc the Ducker (level 8, 0/61 (62) HPs)
             Began as a Barachi Wanderer on Dec 22, 2017.
             Was a Believer of Okawaru.
             Slain by a bullfrog (3 damage)
             ... on level 7 of the Dungeon.
             The game lasted 00:12:48 (6307 turns).

wvc the Ducker (Barachi Wanderer)                   Turns: 6307, Time: 00:12:49

HP:   0/61 (62)     AC:  9    Str: 13    XL:     8   Next: 65%
MP:   8/8           EV: 12    Int: 17    God:    Okawaru [**....]
Gold: 228           SH:  0    Dex:  8    Spells: 7/7 levels left

rFire    . . .     SeeInvis .   e - -1 rapier (curse)
rCold    . . .     Gourm    .   (no shield)
rNeg     . . .     Faith    .   m - +0 ring mail
rPois    +         Spirit   .   l - +2 helmet
rElec    .         Reflect  .   (no cloak)
rCorr    .         Harm     .   (no gloves)
MR       +....                  (no boots)
Stlth    +.........             (no amulet)
HPRegen  0.20/turn              x - ring of poison resistance
MPRegen  0.11/turn              A - ring of protection from magic

@: slow
A: +LOS, swims, robust 1, slowness 1, weak 1, strong legs 1
a: Hop, Heroism, Renounce Religion


You were on level 7 of the Dungeon.
You worshipped Okawaru.
Okawaru was pleased with you.
You were hungry.

You visited 1 branch of the dungeon, and saw 8 of its levels.

You collected 228 gold pieces.

Inventory:

Hand Weapons
 a - a +2 hand crossbow
 d - a +0 short sword
 e - a cursed -1 rapier (weapon)
 g - the +7 triple sword "Mizoke" {slice, Str+6}
   (You acquired it on level 6 of the Dungeon)

   It inflicts extra damage upon your enemies.
   It affects your strength (+6).
 i - a +0 long sword
Missiles
 b - 20 bolts
 o - 3 curare-tipped needles
 p - 8 poisoned needles
Armour
 l - a +2 helmet (worn)
 m - a +0 ring mail (worn)
 q - a cursed +0 ring mail
Jewellery
 k - an uncursed ring of see invisible
 s - an uncursed ring of teleportation
 t - an uncursed ring of resist corrosion
 x - a ring of poison resistance (left hand)
 A - a ring of protection from magic (right hand)
Wands
 y - a wand of flame (6)
Scrolls
 n - a scroll of identify
Potions
 h - 2 potions of might
 j - a potion of berserk rage
 u - a potion of mutation
Books
 v - a book of Minor Magic

   Spells                             Type                      Level
   a - Magic Dart                     Conjuration                  1
   b - Blink                          Translocation                2
   c - Call Imp                       Summoning                    2
   d - Slow                           Hexes                        2
   e - Conjure Flame                  Conjuration/Fire             3
   f - Mephitic Cloud                 Conjuration/Poison/Air       3
Comestibles
 f - 5 rations


   Skills:
 - Level 2.4 Fighting
 - Level 4.2(5.5) Short Blades
 + Level 6.1(6.8) Long Blades
 - Level 2.0 Crossbows
 - Level 1.0 Throwing
 - Level 6.4 Armour
 - Level 6.5 Dodging
 - Level 1.0 Stealth
 - Level 1.1 Evocations


You had 7 spell levels left.
You didn't know any spells.

Dungeon Overview and Level Annotations

Branches:
Dungeon (8/15)
 Temple: D:4-7         Lair: D:8-11

Altars:
Ashenzari
Gozag
Makhleb
Nemelex Xobeh
Okawaru
Qazlal
Ru
Uskayaw
Vehumet
Wu Jian
The Shining One

Shops:
D:4 *


Innate Abilities, Weirdness & Mutations

Shadows flee at your approach. (+LOS)
You can swim through water.
You cover ground slowly.
You can hop short distances.
You are robust. (+10% HP)
You are weak. (Str -2)


Message History

The bullfrog hits you.
* * * LOW HITPOINT WARNING * * *
You climb upwards.
The black bear growls angrily.
Found a stone staircase leading up.
There is a stone staircase leading down here.
Unknown command.
Unknown command.
Unknown command.
The hound closely misses you. The hound bites you but does no damage.
The bullfrog completely misses you. The hound bites you but does no damage.
The hound barely misses you.
The bullfrog hits you but does no damage.
The hound bites you but does no damage.
The hound pauses to sniff the ground.
The black bear bites you.
* * * LOW HITPOINT WARNING * * *
The black bear claws you but does no damage. x2
The bullfrog hits you.
You die...

### ### ##.. ... ....
##.######### .#.#
#..........# .#.#
#...>...<..# .#.#
#.......<..# .#.#
##+###......h..># .#.#
#..........@Fh..#
.#.###..........######
.....#..........#
.#.#.#..........+
................####
..##.#.............#
...................##
..##.###.###........#
..##.# #.# #........#


You could see a black bear, a bullfrog and a hound.

Vanquished Creatures
  The ghost of wvc the Skirmisher, an amateur DsWn of Jiyva (D:3)
  2 ogres
  An orc warrior (D:5)
  A necrophage (D:7)
  A centaur (D:5)
  A scorpion (D:4)
  A howler monkey (D:4)
  2 hounds
  A bullfrog skeleton (D:5)
  A jelly (D:5)
  2 orc priests
  An iguana (D:5)
  3 iron imps (D:3)
  2 orc wizards (D:5)
  8 worker ants
  A hound zombie (D:7)
  A hound skeleton (D:4)
  4 gnolls (D:2)
  4 adders
  An ooze (D:3)
  2 adder zombies (D:5)
  3 worms (D:2)
  2 dart slugs (D:1)
  2 leopard geckos
  14 orcs
  2 giant cockroaches (D:3)
  4 goblins
  10 hobgoblins
  4 jackals
  2 quokkas
  5 bats
  3 frilled lizards
  7 kobolds
  A quokka skeleton (D:4)
  6 rats
106 creatures vanquished.

Notes
Turn   | Place    | Note
-------+----------+-------------------------------------------
     0 | D:1      | wvc the Barachi Wanderer began the quest for the Orb.
     0 | D:1      | wvc set off with: a +2 hand crossbow, 25 bolts, a scroll of teleportation, a +0 short sword, a +0 robe, a ration
     0 | D:1      | Reached XP level 1. HP: 17/17 MP: 1/1
    62 | D:1      | Reached XP level 2. HP: 23/23 MP: 2/2
   644 | D:2      | Reached XP level 3. HP: 28/28 MP: 3/3
   851 | D:2      | Reached XP level 4. HP: 34/34 MP: 4/4
   861 | D:2      | Reached skill level 1 in Armour
   931 | D:2      | Found an iron altar of Okawaru.
  1210 | D:3      | Found a sparkling altar of Nemelex Xobeh.
  1211 | D:3      | Found an opulent altar of Gozag.
  1263 | D:3      | Noticed wvc's ghost (amateur DsWn)
  1271 | D:3      | Killed wvc's ghost
  1271 | D:3      | Reached skill level 5 in Dodging
  1271 | D:3      | Reached XP level 5. HP: 36/39 MP: 5/5
  1271 | D:3      | Reached XP level 6. HP: 42/46 MP: 6/6
  1305 | D:2      | Found a hide-covered altar of Uskayaw.
  1315 | D:2      | Became a worshipper of Warmaster Okawaru
  1497 | D:3      | Found a burning altar of Makhleb.
  1889 | D:3      | Found a shattered altar of Ashenzari.
  2169 | D:4      | Found Cuf Hual's Elemental Accessories.
  2196 | D:4      | Reached skill level 5 in Armour
  2196 | D:4      | Reached XP level 7. HP: 43/51 MP: 7/7
  2675 | D:4      | Found a sacrificial altar of Ru.
  2736 | D:4      | Found a glowing golden altar of the Shining One.
  2957 | D:5      | Entered Level 5 of the Dungeon
  3074 | D:4      | Reached * piety under Okawaru
  3594 | D:5      | Found a radiant altar of Vehumet.
  3779 | D:5      | Reached XP level 8. HP: 17/57 MP: 8/8
  4279 | D:5      | Reached skill level 1 in Long Blades
  4824 | D:5      | Gained mutation: You are agile. (Dex +2) [potion of mutation]
  4824 | D:5      | Gained mutation: You are weak. (Str -2) [potion of mutation]
  4824 | D:5      | Lost mutation: You are agile. (Dex +2) [potion of mutation]
  4824 | D:5      | Gained mutation: You are robust. (+10% HP) [potion of mutation]
  4892 | D:6      | Found a stormy altar of Qazlal.
  4892 | D:6      | Noticed an air elemental
  4892 | D:6      | Noticed a water elemental
  4900 | D:6      | Identified a scroll of acquirement
  4901 | D:6      | Got an ichor-stained triple sword
  4902 | D:6      | Identified the +7 triple sword "Mizoke" {slice, Str+6} (You acquired it on level 6 of the Dungeon)
  5023 | D:6      | Found an ornate altar of the Wu Jian Council.
  6057 | D:7      | Reached ** piety under Okawaru
  6057 | D:7      | Reached skill level 5 in Long Blades
  6292 | D:8      | Noticed a yak
  6293 | D:8      | Noticed a yak
  6307 | D:7      | HP: 3/61 [black bear (6)]
  6307 | D:7      | Slain by a bullfrog

Vault maps used:
D:1:      dpeg_arrival_stone_temple_mockup
D:2:      nicolae_overflow_hidden_temple, minmay_octomino_c4
D:3:      grunt_temple_overflow_opulence, ashenzari_altar_1, demons_altar
D:4:      lemuel_coloured_pillars_altar, nicolae_tso_carved_into_rock,
          first_ration, hangedman_feature_mirror, nicolae_elemental_shop
D:5:      vehumet_altar_wand_db
D:6:      lemuel_crystal_altar, nicolae_qazlal_style_of_elements
D:7:      zin_angel, minmay_temple_entry_from_below_a
D:8:      minmay_lair_entry_grove

Skill      XL: |  1  2  3  4  5  6  7  8 |
---------------+-------------------------+-----
Dodging        | 2 3 4 5 6 |  6.5
Armour         | 3 5 6 |  6.4
Short Blades   | 3 4 |  4.2
Long Blades    | 6 |  6.1
Fighting       | |  2.4
Crossbows      | |  2.0
Throwing       | |  1.0
Stealth        | |  1.0
Evocations     | |  1.1

Action                   |  1- 3 |  4- 6 |  7- 9 || total
-------------------------+-------+-------+-------++-------
Melee: Short sword       |       |       |   169 ||   169
       Rapier            |       |       |   114 ||   114
       Long sword        |       |       |    27 ||    27
 Fire: Hand crossbow     |    56 |   112 |    61 ||   229
Evoke: Wand              |       |       |     6 ||     6
  Use: Scroll            |       |     4 |     8 ||    12
       Potion            |       |       |     6 ||     6
 Stab: Invisible         |       |       |     3 ||     3
  Eat: Chunk             |       |     4 |     8 ||    12
       Ration            |       |       |     2 ||     2
Armor: Robe              |     3 |       |       ||     3
       Ring mail         |       |    21 |   160 ||   181
Dodge: Dodged            |     5 |    52 |   272 ||   329
       Rpst.: Long sword |       |       |    12 ||    12

Table legend:
 A = Spawn XP
 B = Non-spawn XP
 C = Spawn XP percentage of total XP
 D = Spawn monster count
 E = Non-spawn monster count
 F = Spawn count percentage of total count
 G = Total turns spent on level
                    A         B        C        D         E        F      G
               +---------+---------+-------+---------+---------+-------+---------
         Total |       0 |    1958 |   0.0 |       0 |     106 |   0.0 |  6307
               +---------+---------+-------+---------+---------+-------+---------
           D:1 |       0 |      30 |   0.0 |       0 |      16 |   0.0 |   569
           D:2 |       0 |     104 |   0.0 |       0 |      19 |   0.0 |   631
           D:3 |       0 |     335 |   0.0 |       0 |      18 |   0.0 |   874
           D:4 |       0 |     460 |   0.0 |       0 |      17 |   0.0 |   952
           D:5 |       0 |     588 |   0.0 |       0 |      26 |   0.0 |  1847
           D:6 |       0 |     187 |   0.0 |       0 |       3 |   0.0 |   862
           D:7 |       0 |     179 |   0.0 |       0 |       5 |   0.0 |   520
           D:8 |       0 |      75 |   0.0 |       0 |       2 |   0.0 |    52
               +---------+---------+-------+---------+---------+-------+---------
